 Dungeon Crawl Stone Soup version 0.21.1-1-g345015f (webtiles) character file.

4236 theblackcape the Grappler (level 10, -5/98 HPs)
             Began as a Troll Transmuter on June 9, 2018.
             Splashed with acid (14 damage)
             ... on level 8 of the Dungeon.
             The game lasted 00:42:50 (5903 turns).

theblackcape the Grappler (Troll Transmuter)        Turns: 5903, Time: 00:42:51

Health: -5/98      AC:  0    Str: 20    XL:     10   Next: 9%
Magic:  10/10      EV: 10    Int: 11    God:    Xom [..*...]
Gold:   451        SH:  0    Dex: 13    Spells: 6/11 levels left

rFire    . . .     SeeInvis .     - Unarmed
rCold    + + .     Gourm    +   (no shield)
rNeg     . . .     Faith    .   q - +2 robe {rC+}
rPois    .         Spirit   .   (helmet restricted)
rElec    .         Reflect  .   (no cloak)
rCorr    .         Harm     .   (gloves unavailable)
MR       .....                  (boots unavailable)
Stlth    ++........             (no amulet)
HPRegen  0.66/turn              (no ring)
MPRegen  0.12/turn              (no ring)

@: about to teleport, corroded
A: large, unfitting armour, antennae 1, claws 3, hooves 1, thin skeletal
structure 1, cold resistance 1, fast metabolism 3, gourmand, regeneration 1,
shaggy fur 2, tough skin 2, evolution 1
a: Renounce Religion


You were on level 8 of the Dungeon.
You worshipped Xom.
You were a toy of Xom.
You were full.

You visited 2 branches of the dungeon, and saw 9 of its levels.

You collected 496 gold pieces.
You spent 45 gold pieces at shops.

Inventory:

Missiles
 a - 116 arrows
Armour
 q - a +2 robe of cold resistance (worn)
Scrolls
 e - 5 scrolls of identify
 f - 3 scrolls of fear {unknown}
 g - 7 scrolls of teleportation
 h - 7 scrolls of remove curse {unknown}
 k - a scroll of fog {unknown}
 m - 2 scrolls of immolation
 p - 2 scrolls of blinking {unknown}
 w - a scroll of summoning {unknown}
Potions
 b - a potion of degeneration {unknown}
 i - 4 potions of haste
 j - a potion of magic {unknown}
 l - 3 potions of mutation {unknown}
 n - 2 potions of lignification {unknown}
 o - 2 potions of agility
 t - a potion of brilliance {unknown}
 u - 2 potions of heal wounds {unknown}
 v - a potion of ambrosia {unknown}
 x - a potion of flight
 z - a potion of might {unknown}
 A - 2 potions of curing {unknown}
 B - a potion of resistance
Books
 c - a book of Changes

   Spells                             Type                      Level
   a - Beastly Appendage              Transmutation                1
   b - Sticks to Snakes               Transmutation                2
   c - Spider Form                    Transmutation/Poison         3
   d - Ice Form                       Ice/Transmutation            4
   e - Blade Hands                    Transmutation                5
 r - a book of Minor Magic

   Spells                             Type                      Level
   a - Magic Dart                     Conjuration                  1
   b - Blink                          Translocation                2
   c - Call Imp                       Summoning                    2
   d - Slow                           Hexes                        2
   e - Conjure Flame                  Conjuration/Fire             3
   f - Mephitic Cloud                 Conjuration/Poison/Air       3
 s - a book of Callings

   Spells                             Type                      Level
   a - Summon Small Mammal            Summoning                    1
   b - Call Imp                       Summoning                    2
   c - Call Canine Familiar           Summoning                    3
   d - Summon Guardian Golem          Hexes/Summoning              3
   e - Summon Lightning Spire         Summoning/Air                4
   f - Summon Ice Beast               Ice/Summoning                4
Comestibles
 d - 9 rations


   Skills:
 * Level 5.7 Fighting
 - Level 1.5 Dodging
 - Level 0.3 Stealth
 + Level 11.5 Unarmed Combat
 - Level 1.2 Spellcasting
 - Level 2.1 Conjurations
 - Level 3.0 Summonings
 - Level 2.7 Transmutations


You had 6 spell levels left.
You knew the following spells:

 Your Spells              Type           Power        Failure   Level  Hunger
a - Beastly Appendage     Tmut           #.....       11%         1    ##.....
b - Sticks to Snakes      Tmut           #.......     16%         2    ###....
c - Magic Dart            Conj           #...         13%         1    ##.....
d - Summon Small Mammal   Summ           #...         9%          1    ##.....


Dungeon Overview and Level Annotations

Branches:
Dungeon (8/15)             Temple (1/1) D:4
   Lair: D:8-11

Altars:
Ashenzari
Cheibriados
Dithmenos
Fedhas
Gozag
Hepliaklqana
Kikubaaqudgha
Makhleb
Nemelex Xobeh
Qazlal
Ru
Sif Muna
Trog
Uskayaw
Vehumet
Xom
Yredelemnul
Zin
The Shining One

Shops:
D:7 *

Annotations:
D:8 1 transporter


Innate Abilities, Weirdness & Mutations

You are too large for most types of armour.
You have claws for hands.
Your metabolism is lightning-fast.
You like to eat raw meat.
Your natural rate of healing is unusually fast.
You are covered in thick fur. (AC +2)
You have very tough skin. (AC +2)
You have a pair of small antennae on your head.
You have large cloven feet.
You have a somewhat thin skeletal structure. (Dex +2, Stealth)
Your flesh is cold resistant. (rC+)
You evolve.


Message History

The jelly quivers.
The acid dragon roars!
An acid dragon comes into view.
You are engulfed in acidic fog.
The acid corrodes you!
You are splashed with acid!
The acid burns!
The acid dragon barely misses you.
The acid dragon claws you but does no damage.
The acid dragon spits acid at you. The splash of acid hits you!
The acid corrodes you!
You are splashed with acid!
The acid burns!
* * * LOW HITPOINT WARNING * * *
The jelly hits you.
* * * LOW HITPOINT WARNING * * *
You are splashed with acid!
The acid burns!
* * * LOW HITPOINT WARNING * * *
There is an open gate here.
As you read the scroll of teleportation, it crumbles to dust.
You feel strangely unstable.
You are engulfed in acidic fog.
You are splashed with acid!
The acid burns!
You die...
Xom thinks this is hilarious!

.W.o.o..o......#
h.##.###........
..##.###o....... ######
..#.{##.W########D§§§§#
....#....#§§§§§§#§§J§§#.
......#.o#§§§§§§#§§§§§#.
####..#.o#§§#.#.§§§§[!#.
#....W#§§©...§§§§)©#©
#.#..W#§§#.#.@J.§$[#. #
#..o#§§§§§§#D§§§§#.
.....#§§.§§§#D§§§§#.
..##..########§§§§§#
#.#. .... ###### ## # #
##.. ##. ### #.. #.. #..


You could see 3 acid dragons and 2 jellies.

Vanquished Creatures
  The ghost of Raikon the Cleaver, a novice HOFi of Hepliaklqana (D:7)
  The ghost of 4thArraOfDagon the Ruffian, a novice TrNe of Cheibriados (D:8)
  A deep elf mage (D:8)
  Joseph (D:7)
  The ghost of inc the Shield-Bearer, an amateur FoFi (D:5)
  Sigmund (D:4)
  Menkaure (D:7)
  Edmund (D:5)
  An orc warrior (D:6)
  An ice beast (D:5)
  3 ogres
  A big kobold (D:6)
  Blork the orc (D:5)
  2 bullfrogs
  A scorpion (D:6)
  5 crimson imps
  2 bullfrog zombies
  A jelly (D:5)
  4 orc priests
  2 hounds
  6 orc wizards
  A bullfrog skeleton (D:7)
  2 iguanas
  6 worker ants
  2 worker ant zombies (D:5)
  7 adders
  7 gnolls
  An ooze (D:1)
  2 adder skeletons (D:4)
  2 adder zombies (D:6)
  2 dart slugs
  3 worms (D:2)
  8 leopard geckos
  14 orcs
  A ball python (D:1)
  10 bats
  3 giant cockroaches
  4 hobgoblins
  20 jackals
  5 kobolds
  2 quokkas (D:6)
  A ball python zombie (D:5)
  5 frilled lizards
  10 goblins
  A leopard gecko skeleton (D:7)
  2 quokka skeletons
  7 rats
166 creatures vanquished.

Vanquished Creatures (collateral kills)
  An ogre (D:6)
  An adder (D:6)
  A jackal (D:8)
3 creatures vanquished.

Vanquished Creatures (others)
  A bullfrog (D:8)
  A hound (D:8)
2 creatures vanquished.

Grand Total: 171 creatures vanquished

Notes
Turn   | Place    | Note
-------+----------+-------------------------------------------
     0 | D:1      | theblackcape the Troll Transmuter began the quest for the Orb.
     0 | D:1      | Reached XP level 1. HP: 18/18 MP: 1/1
    45 | D:1      | Reached skill level 1 in Fighting
    57 | D:1      | Reached XP level 2. HP: 20/27 MP: 2/2
   362 | D:1      | Reached XP level 3. HP: 32/33 MP: 3/3
   666 | D:1      | Reached skill level 4 in Unarmed Combat
   699 | D:2      | Reached XP level 4. HP: 42/42 MP: 4/4
  1182 | D:2      | Noticed an ogre
  1197 | D:2      | Killed an ogre
  1197 | D:2      | Reached skill level 5 in Unarmed Combat
  1197 | D:2      | Reached XP level 5. HP: 17/50 MP: 3/5
  1502 | D:2      | Learned a level 2 spell: Sticks to Snakes
  1570 | D:3      | Reached XP level 6. HP: 59/59 MP: 4/6
  2277 | D:4      | Found a glowing golden altar of the Shining One.
  2357 | D:4      | Learned a level 1 spell: Magic Dart
  2416 | D:4      | Reached skill level 6 in Unarmed Combat
  2811 | D:4      | Reached XP level 7. HP: 67/67 MP: 7/7
  2830 | D:5      | Entered Level 5 of the Dungeon
  2830 | D:5      | Noticed inc's ghost (amateur FoFi)
  2848 | D:5      | Killed inc's ghost
  2848 | D:5      | Reached skill level 1 in Conjurations
  2872 | D:4      | Noticed Sigmund
  2884 | D:4      | Killed Sigmund
  2884 | D:4      | Reached skill level 7 in Unarmed Combat
  2921 | D:4      | Found a staircase to the Ecumenical Temple.
  2932 | Temple   | Entered the Ecumenical Temple
  3087 | Temple   | Became a worshipper of Xom the Begetter of Turbulence
  3372 | D:5      | Noticed Blork the orc
  3374 | D:5      | XOM: potion effect (haste)
  3380 | D:5      | XOM: enchant monster (good)
  3392 | D:5      | Killed Blork the orc
  3400 | D:5      | Reached XP level 8. HP: 67/78 MP: 5/8
  3445 | D:5      | XOM: give mutation
  3445 | D:5      | Gained mutation: You evolve. [Xom's mischief]
  3679 | D:5      | Found a sparkling altar of Nemelex Xobeh.
  3776 | D:5      | XOM: give mutations
  3776 | D:5      | Gained mutation: You have a pair of small antennae on your head. [Xom's grace]
  3776 | D:5      | Gained mutation: You have large cloven feet. [Xom's grace]
  3776 | D:5      | Gained mutation: You are covered in thick fur. (AC +2) [Xom's grace]
  3776 | D:5      | Gained mutation: You have a somewhat thin skeletal structure. (Dex +2, Stealth) [Xom's grace]
  3789 | D:5      | Gained mutation: Your flesh is cold resistant. (rC+) [evolution]
  3799 | D:5      | Noticed Edmund
  3807 | D:5      | Killed Edmund
  3807 | D:5      | Reached skill level 8 in Unarmed Combat
  3813 | D:5      | Learned a level 1 spell: Summon Small Mammal
  4119 | D:6      | HP: 1/79 [orc warrior/dire flail (4)]
  4120 | D:6      | Reached skill level 1 in Summonings
  4258 | D:6      | Reached skill level 9 in Unarmed Combat
  4761 | D:7      | XOM: stealth player
  4767 | D:6      | XOM: mild Air miscast
  4779 | D:7      | Noticed Menkaure
  4865 | D:7      | Reached XP level 9. HP: 85/85 MP: 9/9
  4866 | D:7      | XOM: noise
  4869 | D:7      | Noticed Raikon's ghost (novice HOFi)
  5007 | D:7      | Killed Raikon's ghost
  5007 | D:7      | Reached skill level 5 in Fighting
  5007 | D:7      | Reached skill level 10 in Unarmed Combat
  5183 | D:7      | XOM: potion effect (might)
  5197 | D:7      | Killed Menkaure
  5267 | D:7      | Noticed Joseph
  5275 | D:7      | Killed Joseph
  5371 | D:7      | XOM: harmless Erth miscast
  5418 | D:7      | XOM: smoke on damage
  5445 | D:7      | Found Ytelem's General Store.
  5454 | D:7      | Bought a scroll of immolation for 45 gold pieces
  5517 | D:7      | XOM: silly message
  5582 | D:7      | XOM: potion effect (might)
  5660 | D:8      | Noticed a deep elf mage
  5662 | D:8      | XOM: divination: detect items
  5665 | D:8      | Killed a deep elf mage
  5665 | D:8      | Reached skill level 11 in Unarmed Combat
  5669 | D:8      | Noticed 4thArraOfDagon's ghost (novice TrNe)
  5682 | D:8      | Killed 4thArraOfDagon's ghost
  5682 | D:8      | Reached XP level 10. HP: 58/98 MP: 3/10
  5692 | D:8      | XOM: cast spell 'Call Canine Familiar'
  5721 | D:8      | Found a transporter.
  5900 | D:8      | Found a transporter.
  5903 | D:8      | Splashed with acid

Skill      XL: |  1  2  3  4  5  6  7  8  9 |
---------------+----------------------------+-----
Fighting       | 1 2 3 4 5 |  5.7
Unarmed Combat | 4 5 6 7 9 11 | 11.5
Transmutations | 2 |  2.7
Conjurations   | 1 2 |  2.1
Summonings     | 1 3 |  3.0
Dodging        | |  1.5
Stealth        | |  0.3
Spellcasting   | |  1.2

Action                   |  1- 3 |  4- 6 |  7- 9 | 10-12 || total
-------------------------+-------+-------+-------+-------++-------
Melee: Unarmed           |    79 |   217 |   186 |     9 ||   491
       Headbutt          |     1 |     1 |     1 |       ||     3
       Kick              |     2 |    13 |    25 |     2 ||    42
       Punch             |     2 |     6 |     5 |       ||    13
 Cast: Beastly Appendage |     3 |    14 |     6 |       ||    23
       Sticks to Snakes  |       |       |    11 |       ||    11
  Use: Scroll            |       |       |     6 |     1 ||     7
 Stab: Sleeping          |       |       |     5 |       ||     5
       Distracted        |       |       |       |     1 ||     1
  Eat: Chunk             |    12 |    20 |    26 |       ||    58
Armor: Robe              |    40 |    86 |    50 |     9 ||   185
Dodge: Dodged            |    47 |   140 |    68 |    12 ||   267
